AoeStats
← rosteur

Migration

508628973Analyzed
1v1 RM · 10d ago on Sep 23, 2026· 51m 47s· 2 players
Game mode
Random Map
Map size
132×132
Population
200
Speed
Normal
Resources
Standard
Victory
Conquest
Starting age
Dark Age
Ending age
Imperial Age
RankedLock teamsTeams togetherTeam positionsShared explorationLock speedFull tech treeHidden civsTurbo modeCheats
Victory
Defeat
🇩🇪 Dravidians · Germany
561
+19
🇫🇷 Franks · France
616
-39
Yax Chitam.22
11:53 Feudal Age
10:09 Loom
12:40 Fishing Lines
15:17 Wheelbarrow
14:29 Double-Bit Axe
17:50 Gold Mining
18:34 Man-at-Arms
19:01 Arson
20:41 Town Watch
24:01 Castle Age
22:00 Stone Mining
24:59 Medium Warships
24:40 Gillnets
26:44 Hand Cart
26:30 Town Patrol
33:53 Imperial Age
35:00 Heavy Warships
35:45 Chemistry
34:58 Clinker Construction
37:18 Murder Holes
37:43 Ballistics
39:10 Elite Cannon Galleon
rosteur
3:51 Loom
13:03 Feudal Age
16:01 Wheelbarrow
14:53 Man-at-Arms
16:26 Gold Mining
16:26 Stone Mining
18:41 Scale Mail Armor
18:51 Forging
18:48 Scale Barding Armor
25:46 Double-Bit Axe
28:04 Castle Age
26:09 Padded Archer Armor
26:00 Fletching
28:17 Crossbowman
28:22 Long Swordsman
28:48 Gambesons
29:03 Squires
28:24 Pikeman
33:15 Chain Barding Armor
33:12 Leather Archer Armor
Connection lost

Rejoining the realm…

Still unreachable

The connection could not be restored.

Session expired

The server has moved on; the page needs a fresh start.